 Dungeon Crawl Stone Soup version 0.19.1 (webtiles) character file.

327 Gargoyl the Skirmisher (level 6, -3/52 HPs)
             Began as a Ghoul Abyssal Knight on Dec 14, 2016.
             Was a Believer of Lugonu.
             Slain by an iron imp (8 damage)
             ... summoned by Eustachio
             ... on level 4 of the Dungeon.
             The game lasted 00:09:37 (3449 turns).

Gargoyl the Skirmisher (Ghoul Abyssal Knight)       Turns: 3449, Time: 00:09:37

Health: -3/52      AC: 14    Str: 16      XL:     6   Next: 50%
Magic:  7/7        EV:  5    Int:  7      God:    Lugonu [**....]
Gold:   182        SH:  0    Dex:  8 (10) Spells: 0 memorised, 5 levels left

rFire  + . .     SeeInvis .     g - +0 war axe
rCold  + + .     Gourm    .     f - +0 plate armour
rNeg   + + +     Faith    .     (no shield)
rPois  ∞         Spirit   .     (no helmet)
rElec  +         Reflect  .     (no cloak)
rCorr  +         Harm     .     h - +2 pair of gloves
MR     .....                    (no boots)
Stlth  ..........               (no amulet)
                                (no ring)
                                (no ring)

@: resistant, rotting
A: rotting body, claws 1, carnivore 3, cold resistance 1, negative energy
resistance 3, slow regeneration 1, torment resistance, unbreathing
a: Depart the Abyss, Bend Space, Renounce Religion


You were on level 4 of the Dungeon.
You worshipped Lugonu.
Lugonu was pleased with you.
You were not hungry.

You visited 1 branch of the dungeon, and saw 4 of its levels.
You visited the Abyss 1 time.

You collected 182 gold pieces.

Inventory:

Hand Weapons
 a - a +1 hand axe
 g - a +0 war axe (weapon)
 F - a +0 war axe
Missiles
 D - 4 tomahawks (quivered)
Armour
 f - a +0 plate armour (worn)
 h - a +2 pair of gloves (worn)
Wands
 z - a wand of polymorph (13/24)
 B - a wand of lightning (10/15)
Scrolls
 b - a scroll of noise {unknown}
 j - 4 scrolls of teleportation {unknown}
 k - a scroll of enchant armour {unknown}
 l - 3 scrolls of recharging {unknown}
 m - 2 scrolls of magic mapping {unknown}
 n - 3 scrolls of identify
 p - a scroll of fear {unknown}
 v - 2 scrolls of remove curse {unknown}
 w - a scroll of immolation {unknown}
 A - a scroll of random uselessness {unknown}
 E - 2 scrolls of blinking {unknown}
Potions
 d - a potion of mutation {unknown}
 i - a potion of curing {unknown}
 q - 3 potions of resistance
 r - a potion of berserk rage
 s - a potion of ambrosia {unknown}
 t - a potion of cure mutation {unknown}
 u - a potion of brilliance {unknown}
 x - a potion of flight {unknown}
 C - a potion of agility {unknown}
Books
 y - a book of Misfortune

   Spells                             Type                      Level
   a - Confusing Touch                Hexes                        1
   b - Confuse                        Hexes                        3
   c - Gell's Gravitas                Hexes/Translocation          3
   d - Petrify                        Transmutation/Earth          4
   e - Metabolic Englaciation         Hexes/Ice                    5
   f - Yara's Violent Unravelling     Hexes/Transmutation          5
Comestibles
 c - a meat ration
 o - 2 beef jerkies
 G - 3 chunks of flesh


   Skills:
 + Level 4.2 Fighting
 + Level 4.0 Axes
 * Level 3.2 Armour
 + Level 1.2 Dodging
 * Level 3.6 Invocations


You had 5 spell levels left.
You didn't know any spells.

Dungeon Overview and Level Annotations

Branches:
Dungeon (4/15)             Temple (0/1) D:4

Altars:

Annotations:
D:4 Eustachio


Innate Abilities, Weirdness & Mutations

Your body is rotting away.
You thrive on raw meat.
You are immune to poison.
You have sharp fingernails.
You are carnivorous and can eat meat at any time.
Your flesh is cold resistant. (rC+)
You are immune to negative energy. (rN+++)
You regenerate slowly when monsters are visible.
You are immune to unholy pain and torment.
You can survive without breathing.


Message History

The ufetubus hits you but does no damage.
The ufetubus hits you. The river rat bites you.
* * * LOW HITPOINT WARNING * * *
The river rat bites you but does no damage.
Your plate armour prevents you from hitting the iron imp.
You hit the iron imp.
Your plate armour prevents you from hitting the river rat.
You closely miss the river rat. You hit the ufetubus but do no damage.
The ufetubus hits you.
* * * LOW HITPOINT WARNING * * *
The ufetubus hits you but does no damage.
The river rat bites you but does no damage.
The ufetubus barely misses you.
The ufetubus hits you but does no damage.
The river rat bites you.
* * * LOW HITPOINT WARNING * * *
The iron imp hits you.
* * * LOW HITPOINT WARNING * * *
The iron imp hits you!
You die...

##########
#........#
######..§.....#
.......rr5....#
######..@5@...#
#...####5######
#.#.####.######
####>..............
#....#.####.######.
####.##.#.####...###
.....#.............
..
#.##..#.#.##.....###
#.
#.#.....#.#......#
#.


You could see Eustachio, 2 iron imps, 2 river rats and an ufetubus.

Vanquished Creatures
  A scorpion (D:3)
  An orc priest (D:4)
  An orc wizard (D:2)
  2 worker ants (D:4)
  3 gnolls (D:3)
  4 adders
  5 worms (D:2)
  4 dart slugs
  5 leopard geckos
  6 orcs
  4 giant cockroaches
  7 goblins
  7 hobgoblins
  4 jackals (D:1)
  4 kobolds
  A quokka (D:4)
  9 bats
  3 frilled lizards
  7 rats
78 creatures vanquished.

Notes
Turn   | Place    | Note
-------+----------+-------------------------------------------
     0 | Abyss:1  | Gargoyl the Ghoul Abyssal Knight began the quest for the Orb.
     0 | Abyss:1  | Reached XP level 1. HP: 19/19 MP: 1/1
     4 | Abyss:1  | Found a corrupted altar of Lugonu.
   102 | Abyss:2  | Noticed a freezing wraith
   102 | Abyss:2  | Noticed a starcursed mass
   114 | Abyss:2  | Noticed a worldbinder
   115 | Abyss:2  | Noticed a vampire mosquito
   123 | Abyss:2  | Noticed a wretched star
   125 | Abyss:2  | Noticed a vampire mosquito
   130 | Abyss:2  | Noticed a swamp drake
   134 | Abyss:2  | Noticed an insubstantial wisp
   134 | Abyss:2  | Noticed a swamp drake
   170 | Abyss:3  | Noticed a starcursed mass
   170 | D:1      | Escaped the Abyss
   401 | D:1      | Reached skill level 1 in Dodging
   401 | D:1      | Reached XP level 2. HP: 22/26 MP: 2/2
   422 | D:1      | Reached * piety under Lugonu
   634 | D:1      | Reached XP level 3. HP: 33/33 MP: 3/3
  1362 | D:2      | Reached ** piety under Lugonu
  1362 | D:2      | Reached XP level 4. HP: 37/40 MP: 3/5
  2152 | D:3      | Reached XP level 5. HP: 27/46 MP: 6/6
  2344 | D:3      | HP: 2/46 [something/magic dart (5)]
  2936 | D:3      | Reached XP level 6. HP: 16/51 MP: 7/7
  3203 | D:4      | Found a staircase to the Ecumenical Temple.
  3411 | D:4      | Noticed Eustachio
  3449 | D:4      | Slain by an iron imp

Skill      XL: |  1  2  3  4  5  6 |
---------------+-------------------+-----
Dodging        | 1 |  1.2
Axes           | 2 3 4 |  4.0
Armour         | 2 3 |  3.2
Fighting       | 4 |  4.2
Invocations    | 3 |  3.6

Action                   |  1- 3 |  4- 6 || total
-------------------------+-------+-------++-------
Melee: War axe           |   158 |   249 ||   407
Invok: Depart the Abyss  |     1 |       ||     1
  Use: Scroll            |     1 |       ||     1
       Potion            |       |     4 ||     4
  Eat: Chunk             |    14 |    30 ||    44
Armor: Plate armour      |   238 |   343 ||   581
Dodge: Dodged            |    74 |   107 ||   181
